 Dungeon Crawl Stone Soup version 0.31.0-11-ge490571c62 (webtiles) character file.

Game seed: 5707871264798690936

11572 qw the Markself (level 11, -4/68 HPs)
             Began as a Deep Elf Hunter on Feb 3, 2024.
             Was a Priest of Okawaru.
             Slain by a swamp dragon (13 damage)
             ... on level 1 of the Lair of Beasts.
             The game lasted 00:01:12 (10484 turns).

qw the Markself (Deep Elf Hunter)                  Turns: 10484, Time: 00:01:13

Health: -4/68      AC: 16    Str: 12    XL:     11   Next: 51%
Magic:  14/16      EV: 19    Int: 15    God:    Okawaru [***...]
Gold:   641        SH:  0    Dex: 18    Spells: 10/10 levels left

rFire   + . .        n - +0 orcbow
rCold   . . .        (shield currently unavailable)
rNeg    . . .        a - +0 swamp dragon scales
rPois   +            r - +0 helmet
rElec   .            q - +0 cloak
rCorr   +            m - +1 pair of gloves
SInv    .            l - +0 pair of boots
Will    +....        p - amulet of faith
Stlth   +++          k - ring of protection from fire
HPRegen 0.31/turn    o - ring of resist corrosion
MPRegen 0.15/turn

%: faith
@: heroic
A: no striking features
a: Renounce Religion, Heroism


You were on level 1 of the Lair of Beasts.
You worshipped Okawaru.
Okawaru was most pleased with you.
You visited 3 branches of the dungeon, and saw 12 of its levels.
You also visited: Sewer.

You collected 641 gold pieces.


   Skills:
 - Level 7.8(12.8) Fighting
 - Level 16.0(21.0) Ranged Weapons
 + Level 4.9(9.9) Armour
 - Level 10.0(15.0) Dodging
 - Level 1.2(6.2) Stealth
 - Level 4.1 Invocations


You had 10 spell levels left.
You didn't know any spells.
Your spell library was empty.

Inventory:

Hand Weapons
 n - a +0 orcbow (weapon)
Armour
 a - +0 swamp dragon scales (worn)
 l - a +0 pair of boots (worn)
 m - a +1 pair of gloves (worn)
 q - a +0 cloak (worn)
 r - a +0 helmet (worn)
Jewellery
 g - an amulet of regeneration
 k - a ring of protection from fire (left hand)
 o - a ring of resist corrosion (right hand)
 p - an amulet of faith (around neck)
Wands
 b - a wand of mindburst (21)
 d - a wand of polymorph (16)
 s - a wand of roots (17)
Scrolls
 t - a scroll of identify
Potions
 c - a potion of enlightenment
 e - 3 potions of might
 f - a potion of cancellation
 h - 6 potions of curing

Dungeon Overview and Level Annotations

Branches:
Dungeon (10/15)            Temple (1/1) D:5            Lair (1/5) D:10
  Sewer (visited)
    Orc: D:9-12

Altars:
Ashenzari
Cheibriados
Dithmenos
Elyvilon
Fedhas
Gozag
Hepliaklqana
Kikubaaqudgha
Makhleb
Nemelex Xobeh
Okawaru
Qazlal
Ru
Sif Muna
Trog
Uskayaw
Vehumet
Wu Jian
Xom
Yredelemnul
Zin
The Shining One

Shops:
D:1 *

Annotations:
D:2 1 runed translucent door, Crazy Yiuf


Message History

The vampire mosquito bites you.
The vampire mosquito draws strength from your injuries!
The vampire mosquito misses you.
You shoot an arrow.
The arrow closely misses the vampire mosquito.
The vampire mosquito closely misses you.
You shoot an arrow.
The arrow closely misses the vampire mosquito.
The vampire mosquito barely misses you. x2
You shoot an arrow. The arrow hits the vampire mosquito!
You destroy the vampire mosquito!
Okawaru accepts your kill.
10478 ||| INVOKING Heroism.
You gain the combat prowess of a mighty hero.
The swamp dragon breathes poison at you.
The blast of poison misses you.
You shoot an arrow.
The arrow closely misses the swamp dragon.
The swamp dragon bites you but does no damage.
The swamp dragon barely misses you. x2
You shoot an arrow. The arrow hits the swamp dragon!
The swamp dragon is moderately wounded.
You shoot an arrow. The arrow hits the swamp dragon!
The swamp dragon is severely wounded.
The swamp dragon bites you. The swamp dragon claws you.
The swamp dragon barely misses you.
You shoot an arrow.
The arrow hits the swamp dragon but does no damage.
The swamp dragon is severely wounded.
The swamp dragon bites you.
The swamp dragon claws you but does no damage.
The swamp dragon tramples you but does no damage.
You shoot an arrow.
The arrow barely misses the swamp dragon.
The swamp dragon bites you! The swamp dragon completely misses you.
The swamp dragon misses you.
You shoot an arrow. The arrow hits the swamp dragon.
The swamp dragon is severely wounded.
The swamp dragon bites you!
You die...

..........#
#...........#
..........##
##..........#
...........##
#.........#
............####.......#
............##.......###
.............0...#####
.................#
#.............0D##
##>............#@#
###...........####
#P#...........#
#......#.#...##
....######..## ...##
#... .### ... .# ##


You could see a swamp dragon.

Vanquished Creatures
  A boulder beetle (Lair:1)
  A manticore (D:8)
  Maggie (D:10)
  2 trolls
  Prince Ribbit (D:8)
  Grinder (D:5)
  Sigmund (D:2)
  4 wyverns
  16 yaks
  A basilisk (D:10)
  2 wraiths (D:9)
  A steam dragon (D:8)
  5 vampire mosquitoes
  5 water moccasins
  2 acid dragons
  3 orc warriors
  A sky beast (D:6)
  2 black bears
  An ogre (D:5)
  A centaur (D:10)
  A phantom (D:4)
  3 kobold brigands
  Blork the orc (D:5)
  9 bullfrogs
  A gnoll sergeant (D:9)
  A scorpion (D:6)
  11 wights
  20 killer bees
  2 bombardier beetles
  3 orc priests
  8 hounds
  A gnoll bouda (D:6)
  7 jellies
  Jessica (D:2)
  4 iguanas
  3 sleepcaps
  Terence (D:3)
  7 orc wizards
  12 adders
  8 gnolls
  A shadow imp (D:5)
  2 white imps
  6 ufetubi
  12 dart slugs
  A ribbon worm (D:3)
  30 orcs
  11 ball pythons
  8 endoplasms
  6 giant cockroaches
  6 hobgoblins
  2 jackals (D:3)
  21 kobolds
  A quokka (D:1)
  4 bats
  11 frilled lizards
  8 goblins
  3 rats
289 creatures vanquished.

Notes
Turn   | Place    | Note
-------+----------+-------------------------------------------
     0 | D:1      | qw the Deep Elf Hunter began the quest for the Orb.
     0 | D:1      | Reached XP level 1. HP: 12/12 MP: 3/3
     0 | D:1      | 0 ||| qw: Version: 0.3-a-158-g18b3111
     0 | D:1      | 0 ||| qw: Game counter: 4061
     0 | D:1      | 0 ||| qw: Melee chars always use a shield: true
     0 | D:1      | 0 ||| qw: God list: Okawaru
     0 | D:1      | 0 ||| qw: Allow faded altars: false
     0 | D:1      | 0 ||| qw: Do Orc after clearing Dungeon:15 true
     0 | D:1      | 0 ||| qw: Do second Lair branch before Depths: true
     0 | D:1      | 0 ||| qw: Lair rune preference: random
     0 | D:1      | 0 ||| qw: Goals: Normal
     0 | D:1      | 0 ||| PLANNING D:1-11
   166 | D:1      | Reached skill level 6 in Ranged Weapons
   166 | D:1      | Reached XP level 2. HP: 16/16 MP: 4/4
   233 | D:1      | Found Xoimiwan's General Store.
   241 | D:1      | 241 ||| SHOPLISTING 2 potions of might (80 gold, have 55).
   617 | D:1      | 617 ||| UPGRADING to +0 scale mail.
   627 | D:1      | 627 ||| DROPPING +0 leather armour.
   628 | D:1      | 628 ||| UPGRADING to +0 ring mail.
   638 | D:1      | 638 ||| DROPPING +0 scale mail.
   639 | D:1      | 639 ||| UPGRADING to amulet of regeneration.
   644 | D:1      | 644 ||| READING scroll labelled UVVE TETAMNI.
   644 | D:1      | 644 ||| IDENTIFYING grey potion
   645 | D:1      | 645 ||| DROPPING scroll of butterflies.
   830 | D:2      | Reached XP level 3. HP: 20/20 MP: 5/5
   881 | D:2      | Found a runed translucent door.
   882 | D:2      | Noticed Crazy Yiuf
   974 | D:2      | 974 ||| FLEEEEING.
   975 | D:2      | 975 ||| FLEEEEING.
   976 | D:2      | 976 ||| FLEEEEING.
   977 | D:2      | 977 ||| FLEEEEING.
   978 | D:2      | 978 ||| FLEEEEING.
   979 | D:2      | 979 ||| FLEEEEING.
   980 | D:2      | 980 ||| FLEEEEING.
   981 | D:2      | 981 ||| FLEEEEING.
   988 | D:2      | Reached skill level 7 in Ranged Weapons
   988 | D:2      | Reached XP level 4. HP: 25/25 MP: 6/6
   991 | D:2      | 991 ||| DRINKING 3 fuming sapphire potions.
   997 | D:2      | 997 ||| FLEEEEING.
   998 | D:2      | 998 ||| FLEEEEING.
   999 | D:2      | 999 ||| FLEEEEING.
  1001 | D:2      | 1001 ||| FLEEEEING.
  1002 | D:2      | 1002 ||| FLEEEEING.
  1003 | D:2      | 1003 ||| FLEEEEING.
  1004 | D:2      | 1004 ||| FLEEEEING.
  1005 | D:2      | 1005 ||| FLEEEEING.
  1006 | D:2      | 1006 ||| FLEEEEING.
  1008 | D:2      | 1008 ||| FLEEEEING.
  1009 | D:2      | 1009 ||| FLEEEEING.
  1045 | D:2      | Noticed Sigmund
  1047 | D:2      | 1047 ||| FLEEEEING.
  1048 | D:2      | 1048 ||| FLEEEEING.
  1049 | D:2      | 1049 ||| FLEEEEING.
  1051 | D:2      | 1051 ||| FLEEEEING.
  1054 | D:2      | 1054 ||| FLEEEEING.
  1055 | D:2      | 1055 ||| FLEEEEING.
  1064 | D:2      | Killed Sigmund
  1065 | D:2      | Reached skill level 9 in Ranged Weapons
  1065 | D:2      | Reached XP level 5. HP: 28/29 MP: 7/7
  1119 | D:2      | Noticed Jessica
  1123 | D:2      | Killed Jessica
  1124 | D:2      | Reached XP level 6. HP: 35/35 MP: 8/8
  1362 | D:2      | 1362 ||| READING scroll labelled MINOIBLEUMN.
  1363 | D:2      | 1363 ||| READING scroll labelled HORRUG DULIADUPH.
  1363 | D:2      | 1363 ||| BRANDING +0 shortbow.
  1364 | D:2      | 1364 ||| READING scroll labelled UHARUT GIOC.
  1364 | D:2      | 1364 ||| ENCHANTING +0 shortbow of freezing.
  1380 | D:3      | 1380 ||| PLANNING SEWER
  1392 | D:3      | Found a faded altar of an unknown god.
  1456 | D:3      | Found a hide-covered altar of Uskayaw.
  1459 | D:3      | Noticed Terence
  1466 | D:3      | Killed Terence
  1479 | D:3      | Identified the +10 dire flail of Overwhelming Force
                  | {freeze, rF+}
  1719 | D:3      | Found a glowing drain.
  1720 | D:3      | 1720 ||| UPGRADING to +0 pair of boots.
  1725 | D:3      | 1725 ||| READING 2 scrolls of identify.
  1725 | D:3      | 1725 ||| IDENTIFYING bubbling coppery potion
  1726 | D:3      | 1726 ||| READING scroll of identify.
  1726 | D:3      | 1726 ||| IDENTIFYING metallic blue potion
  1727 | D:3      | 1727 ||| DRINKING 2 pink potions.
  1728 | D:3      | 1728 ||| DRINKING 2 cyan potions.
  1729 | D:3      | 1729 ||| FLEEEEING.
  1730 | D:3      | 1730 ||| FLEEEEING.
  1731 | D:3      | 1731 ||| FLEEEEING.
  1732 | D:3      | 1732 ||| FLEEEEING.
  1733 | D:3      | 1733 ||| FLEEEEING.
  1734 | D:3      | 1734 ||| FLEEEEING.
  1735 | D:3      | 1735 ||| FLEEEEING.
  1736 | D:3      | 1736 ||| FLEEEEING.
  1737 | D:3      | 1737 ||| FLEEEEING.
  1738 | D:3      | 1738 ||| FLEEEEING.
  1739 | D:3      | 1739 ||| FLEEEEING.
  1740 | D:3      | 1740 ||| FLEEEEING.
  1741 | D:3      | 1741 ||| FLEEEEING.
  1742 | D:3      | 1742 ||| FLEEEEING.
  1743 | D:3      | 1743 ||| FLEEEEING.
  1744 | D:3      | 1744 ||| FLEEEEING.
  1745 | D:3      | 1745 ||| FLEEEEING.
  1746 | D:3      | 1746 ||| FLEEEEING.
  1747 | D:3      | 1747 ||| FLEEEEING.
  1748 | D:3      | 1748 ||| FLEEEEING.
  1749 | D:3      | 1749 ||| FLEEEEING.
  1750 | D:3      | 1750 ||| STAIRDANCE
  1752 | D:2      | 1752 ||| FLEEEEING.
  1753 | D:2      | 1753 ||| FLEEEEING.
  1754 | D:2      | 1754 ||| FLEEEEING.
  1755 | D:2      | 1755 ||| FLEEEEING.
  1756 | D:2      | 1756 ||| FLEEEEING.
  1757 | D:2      | 1757 ||| FLEEEEING.
  1758 | D:2      | 1758 ||| FLEEEEING.
  1759 | D:2      | 1759 ||| FLEEEEING.
  1760 | D:2      | 1760 ||| FLEEEEING.
  1761 | D:2      | 1761 ||| STAIRDANCE
  1863 | D:1      | 1863 ||| DROPPING potion of brilliance.
  1864 | D:1      | 1864 ||| DROPPING potion of berserk rage.
  1907 | Sewer    | Entered a sewer
  1950 | Sewer    | Reached skill level 10 in Ranged Weapons
  2049 | Sewer    | Reached skill level 3 in Dodging
  2108 | Sewer    | Reached skill level 1 in Armour
  2117 | Sewer    | Reached XP level 7. HP: 37/40 MP: 9/9
  2132 | Sewer    | 2132 ||| READING scroll of enchant weapon.
  2132 | Sewer    | 2132 ||| ENCHANTING +1 shortbow of freezing.
  2321 | Sewer    | 2321 ||| READING scroll of identify.
  2321 | Sewer    | 2321 ||| IDENTIFYING smoky dark potion
  2322 | Sewer    | 2322 ||| DROPPING potion of degeneration.
  2342 | D:3      | 2342 ||| PLANNING D:1-11
  2686 | D:4      | 2686 ||| READING scroll of enchant weapon.
  2686 | D:4      | 2686 ||| ENCHANTING +2 shortbow of freezing.
  2711 | D:4      | Found an opulent altar of Gozag.
  2808 | D:4      | Found an ancient bone altar of Kikubaaqudgha.
  2923 | D:4      | Reached skill level 11 in Ranged Weapons
  2988 | D:4      | Found a glowing silver altar of Zin.
  3051 | D:4      | 3051 ||| UPGRADING to ring of protection from fire.
  3052 | D:4      | 3052 ||| READING 2 scrolls of identify.
  3052 | D:4      | 3052 ||| IDENTIFYING scroll labelled FETHRO UG PAOSY
  3053 | D:4      | 3053 ||| DROPPING scroll of torment.
  3075 | D:5      | Entered Level 5 of the Dungeon
  3186 | D:5      | Reached skill level 12 in Ranged Weapons
  3274 | D:5      | Reached XP level 8. HP: 45/45 MP: 10/10
  3279 | D:5      | Reached skill level 3 in Fighting
  3286 | D:5      | Found a basalt altar of Yredelemnul.
  3398 | D:5      | Noticed Grinder
  3402 | D:5      | 3402 ||| FLEEEEING.
  3403 | D:5      | 3403 ||| FLEEEEING.
  3404 | D:5      | 3404 ||| FLEEEEING.
  3405 | D:5      | 3405 ||| FLEEEEING.
  3406 | D:5      | 3406 ||| FLEEEEING.
  3410 | D:5      | 3410 ||| ZAPPING wand of mindburst (7) at -1,3 (Grinder;
                  | floor).
  3412 | D:5      | 3412 ||| ZAPPING wand of mindburst (6) at -1,3 (Grinder;
                  | floor).
  3412 | D:5      | Killed Grinder
  3770 | D:5      | Noticed Blork the orc
  3774 | D:5      | Killed Blork the orc
  4081 | D:5      | Found a staircase to the Ecumenical Temple.
  4082 | D:5      | 4082 ||| PLANNING TEMPLE
  4082 | D:5      | 4082 ||| UPGRADING to +0 pair of gloves.
  4087 | D:5      | 4087 ||| UPGRADING to amulet of faith.
  4097 | D:5      | 4097 ||| READING scroll of identify.
  4097 | D:5      | 4097 ||| IDENTIFYING amethyst potion
  4098 | D:5      | 4098 ||| READING scroll labelled YNAIGG EKKOLIC.
  4099 | D:5      | 4099 ||| DRINKING 3 metallic emerald potions.
  4137 | D:5      | 4137 ||| DROPPING 2 potions of lignification.
  4143 | Temple   | Entered the Ecumenical Temple
  4144 | Temple   | 4144 ||| PLANNING D:1-11
  4284 | D:6      | 4284 ||| RETREEEEATING.
  4286 | D:6      | Reached skill level 13 in Ranged Weapons
  4340 | D:6      | Found a sparkling altar of Nemelex Xobeh.
  4439 | D:6      | Reached skill level 14 in Ranged Weapons
  4618 | D:6      | Reached XP level 9. HP: 50/51 MP: 11/11
  4830 | D:6      | Found a shimmering altar of Xom.
  4978 | D:6      | 4978 ||| UPGRADING to +0 helmet.
  4983 | D:6      | 4983 ||| READING scroll labelled EVAERPHYSITO.
  4983 | D:6      | 4983 ||| ENCHANTING +0 pair of gloves.
  4984 | D:6      | 4984 ||| READING scroll labelled URUL NIOFEJU.
  4985 | D:6      | 4985 ||| DRINKING 2 dark potions.
  5167 | D:7      | Reached skill level 6 in Dodging
  5447 | D:7      | 5447 ||| FLEEEEING.
  5453 | D:7      | 5453 ||| FLEEEEING.
  5454 | D:7      | 5454 ||| FLEEEEING.
  5455 | D:7      | 5455 ||| FLEEEEING.
  5456 | D:7      | 5456 ||| FLEEEEING.
  5457 | D:7      | 5457 ||| FLEEEEING.
  5458 | D:7      | 5458 ||| FLEEEEING.
  5459 | D:7      | 5459 ||| STAIRDANCE
  5536 | D:6      | 5536 ||| UPGRADING to +0 cloak.
  5541 | D:6      | 5541 ||| READING scroll labelled GALIOL WI KEXT.
  5992 | D:7      | Reached skill level 3 in Armour
  6150 | D:7      | Found a shimmering blue altar of Sif Muna.
  6270 | D:7      | 6270 ||| UPGRADING to ring of resist corrosion.
  6357 | D:8      | Noticed a manticore
  6358 | D:8      | 6358 ||| DRINKING potion of haste.
  6374 | D:8      | Killed a manticore
  6478 | D:8      | 6478 ||| RETREEEEATING.
  6680 | D:8      | 6680 ||| READING scroll of enchant weapon.
  6680 | D:8      | 6680 ||| ENCHANTING +3 shortbow of freezing.
  6715 | D:8      | Reached XP level 10. HP: 50/59 MP: 12/12
  6725 | D:8      | 6725 ||| DRINKING 5 potions of curing.
  6725 | D:8      | 6725 ||| (to cure confusion)
  6747 | D:8      | Found a stormy altar of Qazlal.
  6786 | D:8      | Found a flagged portal.
  6930 | D:8      | Reached skill level 6 in Fighting
  7213 | D:8      | Noticed Prince Ribbit
  7220 | D:8      | Killed Prince Ribbit
  7221 | D:8      | Reached skill level 9 in Dodging
  7374 | D:8      | 7374 ||| DROPPING amulet of the acrobat.
  7375 | D:8      | 7375 ||| DROPPING amulet of guardian spirit.
  7376 | D:8      | 7376 ||| READING 3 scrolls of identify.
  7376 | D:8      | 7376 ||| IDENTIFYING 2 yellow potions
  7377 | D:8      | 7377 ||| DROPPING 2 potions of attraction.
  7513 | D:9      | Identified the +0 robe of Patience {rElec rN+++ Str+3
                  | Int-5}
  7572 | D:9      | Found an iron altar of Okawaru.
  7573 | D:9      | 7573 ||| PLANNING OKAWARU WORSHIP
  7573 | D:9      | 7573 ||| DROPPING +0 robe of Patience {rElec rN+++ Str+3
                  | Int-5}.
  7577 | D:9      | Became a worshipper of Warmaster Okawaru
  7578 | D:9      | 7578 ||| PLANNING D:1-11
  7719 | D:9      | Found a radiant altar of Vehumet.
  7762 | D:9      | 7762 ||| RETREEEEATING.
  7763 | D:9      | 7763 ||| RETREEEEATING.
  7764 | D:9      | 7764 ||| RETREEEEATING.
  7765 | D:9      | 7765 ||| RETREEEEATING.
  7766 | D:9      | 7766 ||| RETREEEEATING.
  7768 | D:9      | 7768 ||| RETREEEEATING.
  7769 | D:9      | 7769 ||| RETREEEEATING.
  7770 | D:9      | 7770 ||| RETREEEEATING.
  7778 | D:9      | 7778 ||| RETREEEEATING.
  7779 | D:9      | 7779 ||| RETREEEEATING.
  7780 | D:9      | 7780 ||| RETREEEEATING.
  7781 | D:9      | 7781 ||| RETREEEEATING.
  7782 | D:9      | 7782 ||| RETREEEEATING.
  7783 | D:9      | 7783 ||| RETREEEEATING.
  7784 | D:9      | 7784 ||| RETREEEEATING.
  7785 | D:9      | 7785 ||| RETREEEEATING.
  7786 | D:9      | 7786 ||| RETREEEEATING.
  7787 | D:9      | 7787 ||| RETREEEEATING.
  7788 | D:9      | 7788 ||| RETREEEEATING.
  7802 | D:9      | HP: 12/61 [yak (6)]
  7803 | D:9      | 7803 ||| DRINKING 3 potions of heal wounds.
  7810 | D:9      | Reached * piety under Okawaru
  8001 | D:9      | Reached skill level 1 in Invocations
  8205 | D:9      | 8205 ||| INVOKING Heroism.
  8439 | D:10     | Entered Level 10 of the Dungeon
  8459 | D:10     | Reached skill level 3 in Invocations
  8473 | D:10     | 8473 ||| RETREEEEATING.
  8475 | D:10     | 8475 ||| RETREEEEATING.
  8476 | D:10     | 8476 ||| RETREEEEATING.
  8477 | D:10     | 8477 ||| RETREEEEATING.
  8478 | D:10     | 8478 ||| RETREEEEATING.
  8479 | D:10     | 8479 ||| RETREEEEATING.
  8480 | D:10     | 8480 ||| INVOKING Heroism.
  8509 | D:10     | Reached ** piety under Okawaru
  8660 | D:10     | 8660 ||| SWAPPING to +0 orcbow.
  8661 | D:10     | 8661 ||| DROPPING +4 shortbow of freezing.
  8672 | D:10     | 8672 ||| RETREEEEATING.
  8674 | D:10     | 8674 ||| RETREEEEATING.
  8677 | D:10     | 8677 ||| RETREEEEATING.
  8678 | D:10     | 8678 ||| RETREEEEATING.
  8679 | D:10     | 8679 ||| RETREEEEATING.
  8681 | D:10     | 8681 ||| RETREEEEATING.
  8695 | D:10     | Reached XP level 11. HP: 38/68 MP: 16/16
  8918 | D:10     | 8918 ||| RETREEEEATING.
  8919 | D:10     | 8919 ||| RETREEEEATING.
  8920 | D:10     | 8920 ||| RETREEEEATING.
  8921 | D:10     | 8921 ||| RETREEEEATING.
  8922 | D:10     | 8922 ||| RETREEEEATING.
  8927 | D:10     | 8927 ||| RETREEEEATING.
  8928 | D:10     | 8928 ||| RETREEEEATING.
  8929 | D:10     | 8929 ||| RETREEEEATING.
  8930 | D:10     | 8930 ||| RETREEEEATING.
  8931 | D:10     | 8931 ||| RETREEEEATING.
  8932 | D:10     | 8932 ||| RETREEEEATING.
  8933 | D:10     | 8933 ||| RETREEEEATING.
  8934 | D:10     | 8934 ||| RETREEEEATING.
  8956 | D:10     | Reached *** piety under Okawaru
  9155 | D:10     | Reached skill level 15 in Ranged Weapons
  9230 | D:10     | Found a staircase to the Lair.
  9254 | D:10     | HP: 17/68 [poisoned by a killer bee]
  9255 | D:10     | 9255 ||| DRINKING 2 potions of heal wounds.
  9256 | D:10     | 9256 ||| RETREEEEATING.
  9257 | D:10     | 9257 ||| RETREEEEATING.
  9259 | D:10     | HP: 13/68 [orc/+0 mace (6)]
  9260 | D:10     | 9260 ||| DRINKING potion of heal wounds.
  9272 | D:10     | HP: 17/68 [orc warrior/+0 short sword (1)]
  9279 | D:10     | 9279 ||| DRINKING 5 potions of curing.
  9279 | D:10     | 9279 ||| (to cure confusion)
  9280 | D:10     | HP: 11/68 [something/magic dart (8)]
  9286 | D:10     | HP: 9/68 [orc warrior/+0 short sword (1)]
  9293 | D:10     | HP: 5/68 [something/magic dart (5)]
  9523 | D:10     | Noticed Maggie
  9545 | D:10     | Killed Maggie
  9657 | D:10     | 9657 ||| RETREEEEATING.
  9658 | D:10     | 9658 ||| RETREEEEATING.
  9659 | D:10     | 9659 ||| RETREEEEATING.
  9660 | D:10     | 9660 ||| RETREEEEATING.
  9661 | D:10     | 9661 ||| RETREEEEATING.
  9662 | D:10     | 9662 ||| RETREEEEATING.
  9663 | D:10     | 9663 ||| RETREEEEATING.
  9664 | D:10     | 9664 ||| RETREEEEATING.
  9665 | D:10     | 9665 ||| RETREEEEATING.
  9666 | D:10     | 9666 ||| RETREEEEATING.
  9667 | D:10     | 9667 ||| INVOKING Heroism.
  9684 | D:10     | Reached skill level 16 in Ranged Weapons
  9884 | D:10     | Found a burning altar of Makhleb.
  9964 | D:10     | Found a sacrificial altar of Ru.
  9973 | D:10     | Reached **** piety under Okawaru
 10116 | D:10     | 10116 ||| PLANNING LAIR
 10116 | D:10     | 10116 ||| UPGRADING to +0 swamp dragon scales.
 10126 | D:10     | 10126 ||| DROPPING +0 ring mail.
 10127 | D:10     | 10127 ||| READING 2 scrolls of identify.
 10127 | D:10     | 10127 ||| IDENTIFYING emerald potion
 10128 | D:10     | 10128 ||| DROPPING potion of ambrosia.
 10165 | Lair:1   | Entered Level 1 of the Lair of Beasts
 10165 | Lair:1   | Noticed a boulder beetle
 10166 | Lair:1   | 10166 ||| INVOKING Finesse.
 10206 | Lair:1   | Killed a boulder beetle
 10426 | Lair:1   | Noticed a swamp dragon
 10427 | Lair:1   | 10427 ||| INVOKING Heroism.
 10433 | Lair:1   | Noticed a swamp dragon
 10434 | Lair:1   | 10434 ||| RETREEEEATING.
 10435 | Lair:1   | 10435 ||| RETREEEEATING.
 10441 | Lair:1   | 10441 ||| RETREEEEATING.
 10442 | Lair:1   | 10442 ||| RETREEEEATING.
 10443 | Lair:1   | 10443 ||| RETREEEEATING.
 10444 | Lair:1   | 10444 ||| RETREEEEATING.
 10445 | Lair:1   | 10445 ||| RETREEEEATING.
 10446 | Lair:1   | 10446 ||| RETREEEEATING.
 10447 | Lair:1   | 10447 ||| RETREEEEATING.
 10448 | Lair:1   | 10448 ||| RETREEEEATING.
 10449 | Lair:1   | 10449 ||| RETREEEEATING.
 10452 | Lair:1   | 10452 ||| RETREEEEATING.
 10453 | Lair:1   | 10453 ||| RETREEEEATING.
 10454 | Lair:1   | 10454 ||| RETREEEEATING.
 10455 | Lair:1   | 10455 ||| RETREEEEATING.
 10460 | Lair:1   | HP: 17/68 [vampire mosquito (6)]
 10461 | Lair:1   | 10461 ||| DRINKING potion of heal wounds.
 10478 | Lair:1   | 10478 ||| INVOKING Heroism.
 10482 | Lair:1   | HP: 17/68 [swamp dragon (3)]
 10483 | Lair:1   | HP: 8/68 [swamp dragon (9)]
 10484 | Lair:1   | Slain by a swamp dragon

Levels and vault maps discovered:
D:1:      saegor_arrival_simple_b, layout_loops_ring, serial_shops, shop
D:2:      layout_basic, solitary_fountain, uniq_sigmund, uniq_jessica,
          uniq_crazy_yiuf_cottage
D:3:      layout_loops_ring, eat_drink_and_be_merry_uskayaw,
          hellmonk_ecumenical_altar_slurped_away, portal_sewer_entry_d,
          minmay_misc_feat_more_columns, uniq_terence
D:4:      layout_rooms, zin_statuary, mainiacjoe_overflow_catwalk_spiral
D:5:      layout_basic, nicolae_overflow_crystal_walls,
          minmay_temple_entry_enclosed_plants, chequers_jeans, uniq_grinder,
          uniq_blork_the_orc
D:6:      layout_loops_ring, dk_xom_monty_hall,
          mainiacjoe_overflow_surrounded_room
D:7:      layout_basic, led_sif_pool, minmay_puff
D:8:      layout_loops_ring, general_overflow_altar, enter_bailey_3,
          corner_web_ring, uniq_prince_ribbit1
D:9:      layout_irregular_city, mainiacjoe_overflow_24_doors,
          vehumet_altar_wand_db
D:10:     layout_irregular_city, lightli_temple_of_fire, kennysheep_little_box,
          minmay_lair_entry_grove, uniq_maggie
Temple:   nicolae_temple_ecumenical_triangle
Lair:1:   layout_cave_pods, pond

Skill      XL: |  1  2  3  4  5  6  7  8  9 10 11 |
---------------+----------------------------------+-----
Ranged Weapons | 6 7 9 10 12 14 16 | 16.0
Fighting       | 2 3 5 7 |  7.8
Dodging        | 3 5 8 10 | 10.0
Armour         | 1 3 4 |  4.9
Invocations    | 4 |  4.1
Stealth        | |  1.2

Action                     |  1- 3 |  4- 6 |  7- 9 | 10-12 || total
---------------------------+-------+-------+-------+-------++-------
   Fire: Shortbow          |    74 |   153 |   415 |   233 ||   875
         Orcbow            |       |       |       |   272 ||   272
 Invoke: Heroism           |       |       |       |     5 ||     5
         Finesse           |       |       |       |     1 ||     1
  Evoke: Wand              |       |       |     2 |       ||     2
    Use: Scroll            |     1 |     5 |    10 |     2 ||    18
         Potion            |       |     3 |     3 |     6 ||    12
 Armour: Leather armour    |     8 |       |       |       ||     8
         Ring mail         |    10 |    32 |    90 |   185 ||   317
         Swamp dragon scal |       |       |       |    56 ||    56
  Dodge: Dodged            |    17 |    19 |    81 |   323 ||   440

Table legend:
 A = Non-vault XP
 B = Vault XP
 C = Vault XP percentage of total XP
 D = Non-vault monster count
 E = Vault monster count
 F = Vault count percentage of total count
                 A         B        C        D         E       F
            +---------+---------+-------+---------+---------+-------
      Total |   12090 |    4442 |  26.9 |     221 |      68 |  23.5
            +---------+---------+-------+---------+---------+-------
        D:1 |      24 |       0 |   0.0 |      15 |       0 |   0.0
        D:2 |     133 |     251 |  65.4 |      17 |       2 |  10.5
        D:3 |      84 |      51 |  37.8 |      18 |       3 |  14.3
        D:4 |     218 |       0 |   0.0 |       9 |       0 |   0.0
        D:5 |     661 |     352 |  34.7 |      18 |       2 |  10.0
        D:6 |     998 |      88 |   8.1 |      34 |       2 |   5.6
        D:7 |    1129 |     353 |  23.8 |      31 |       5 |  13.9
        D:8 |    1989 |     299 |  13.1 |      29 |       5 |  14.7
        D:9 |    2300 |       2 |   0.1 |      15 |       1 |   6.2
       D:10 |    3725 |    2421 |  39.4 |      34 |      12 |  26.1
     Lair:1 |     829 |     355 |  30.0 |       1 |       2 |  66.7
      Sewer |       0 |     270 | 100.0 |       0 |      34 | 100.0
            +---------+---------+-------+---------+---------+-------
